 Dungeon Sprint DCSS version 0.29-a0-542-g075992c915 (webtiles) character file.

Game seed: 10902656181788204392

13130 mhtbhm the Bludgeoner (level 12, -3/165 (183) HPs)
             Began as a Meteoran Fighter on June 4, 2022.
             Was an Initiate of Gozag.
             Slain by a shadow dragon (5 damage)
             ... in the Dungeon (Sprint I: "Red Sonja").
             The game lasted 00:09:45 (4573 turns).

mhtbhm the Bludgeoner (Meteoran Fighter)            Turns: 4573, Time: 00:09:47

HP:   -3/165 (183)  AC: 33    Str: 18    XL:     12   Next: 59%
MP:   13/13         EV:  2    Int: 17    God:    Gozag
Gold: 2276          SH:  8    Dex: 18    Spells: 11/11 levels left

rFire   + . .      SeeInvis .   a - +1 morningstar (protect)
rCold   + . .      Faith    .   c - +0 buckler
rNeg    . . .      Spirit   .   (body armour currently unavailable)
rPois   +          Reflect  .   (helmet currently unavailable)
rElec   +          Harm     .   (cloak currently unavailable)
rCorr   +          Rampage  .   (gloves currently unavailable)
Will    +....      NoTele   +   (boots currently unavailable)
Stlth   ++........              (no amulet)
HPRegen 0.37/turn               d - +6 ring of intelligence
MPRegen 0.13/turn               (no ring)

@: mighty, tree-form, resistant, gold aura, under a protective aura, glowing,
drained, invisible (but backlit and visible)
A: stationary, stasis, torment immunity, boosted hp, sense surroundings 2,
otherworldly, glowing, explore regen
a: End Transformation, Renounce Religion, Potion Petition, Call Merchant, Bribe
Branch


You were in the Dungeon.
You worshipped Gozag.
Gozag was most pleased with you.
You were a tree.
You visited 1 branch You collected 7387 gold pieces.
You spent 1303 gold pieces at shops.
You paid 3808 gold pieces to Gozag.

Inventory:

Hand Weapons
 a - a +1 morningstar of protection (weapon)
Missiles
 m - 6 javelins
 n - 3 curare-tipped darts (quivered)
Armour
 b - the +1 troll leather armour of the Hunter (melded) {+Blink rF+ rC+ Regen+ Dex+4}
   (You bought it in a shop in the Dungeon)

   Dex:       It affects your dexterity (+4).
   rF:        It protects you from fire.
   rC:        It protects you from cold.
   +Blink:    It lets you blink.
   Regen:     It increases your rate of health regeneration.
 c - a +0 buckler (worn)
 g - a +0 pair of gloves of dexterity (melded)
 i - a +1 cloak of poison resistance (melded)
 o - a +0 helmet (melded)
 r - a +2 pair of boots of stealth (melded)
Jewellery
 d - a +6 ring of intelligence (left branch)
Scrolls
 j - a scroll of blinking
 l - a scroll of silence {unknown}
 q - 3 scrolls of identify {unknown}
 t - 2 scrolls of enchant weapon {unknown}
 u - a scroll of vulnerability {unknown}
Potions
 e - a potion of attraction {unknown}
 f - a potion of curing
 h - 2 potions of magic
 k - a potion of mutation {unknown}
 p - a potion of degeneration {unknown}
 s - a potion of might
 v - a potion of lignification {unknown}


   Skills:
 + Level 15.9 Fighting
 + Level 18.4 Maces & Flails
 + Level 4.1 Throwing
 + Level 15.0 Armour
 + Level 12.0 Dodging
 + Level 7.3 Stealth
 + Level 14.7 Shields
 + Level 3.6 Evocations


You had 11 spell levels left.
You didn't know any spells.
Your spell library was empty.

Dungeon Overview and Level Annotations

Branches:
Dungeon (1/1)

Altars:
Cheibriados
Dithmenos
Elyvilon
Fedhas
Gozag
Hepliaklqana
Kikubaaqudgha
Makhleb
Nemelex Xobeh
Okawaru
Qazlal
Ru
Sif Muna
Trog
Uskayaw
Vehumet
Wu Jian
Xom
Yredelemnul
Zin
The Shining One
Jiyva
Lugonu

Shops:
D (**[!*[(([=?:[:*[*


Innate Abilities, Weirdness & Mutations

You are a tree.
Your roots penetrate the ground, keeping you stationary.
You cannot be teleported.
You are immune to unholy pain and torment.
Your maximum health is greatly increased.
Your equipment is partially melded.
You passively map the area around you.
You are easily found by Zot.
You glow in the dark.
You regain HP and MP as you explore.


Message History

The shadow dragon bites you but does no damage.
The shadow dragon claws you but does no damage.
You block the shadow dragon's attack.
Unknown command.
You sock the shadow dragon!
The shadow dragon is moderately wounded.
You block the shadow dragon's attack.
The shadow dragon claws you but does no damage. x2
You hit the shadow dragon.
The shadow dragon is moderately wounded.
You hit the shadow dragon.
The shadow dragon is moderately wounded.
You block the shadow dragon's attack.
The shadow dragon claws you but does no damage. x2
You hit the shadow dragon.
The shadow dragon is moderately wounded.
The shadow dragon is engulfed in a cloud of scalding steam.
The shadow dragon bites you but does no damage.
The shadow dragon claws you but does no damage. x2
You hit the shadow dragon but do no damage.
The shadow dragon is moderately wounded.
You hit the shadow dragon.
The shadow dragon is moderately wounded.
The shadow dragon breathes negative energy at you.
The bolt of negative energy hits you!!!
You feel drained.
* * * LOW HITPOINT WARNING * * *
You skewer the shadow dragon like a kebab!!!
The shadow dragon is heavily wounded.
The shadow dragon bites you.
* * * LOW HITPOINT WARNING * * *
You feel drained. You block the shadow dragon's attack.
The shadow dragon claws you but does no damage.
You closely miss the shadow dragon.
The shadow dragon is heavily wounded.
The shadow dragon bites you.
* * * LOW HITPOINT WARNING * * *
The shadow dragon claws you but does no damage.
The shadow dragon claws you.
You die...
Your body crumbles into a pile of gold. ################## §..§..'..#§.'....#, ,$$$$$$* §§§§§##..'..#§§..##, $$$$$$* #.§.#######+#.§..§# * $$$$ ###+#)(.## ,#.§§§§#$$$ $$$$ #§##...# ##§§§§# $ $$$$* #§.###.#, ≈###♣##$$$ $$$$ $$##.#A#.#, #D# * $$$$

#..###.#,,≈
#§# $$$ +
#.##...#
#.§§§.§..#
$$
#..#+###,,
#.§..§.§D..
$$ $ ##...#
≈,
#....§§.D.D
$ $*$###.#,
...§§.§....
* * $$$$$#.#
#.....§§....
*$ $$$$$#.#,
,
##..........
$


You could see a shadow dragon (catching breath).

Vanquished Creatures
  A golden dragon (D)
  A hydra (D)
  2 centaur warriors (D)
  Sonja (D)
  A deep troll (D)
  A lindwurm (D)
  An oklob plant (D)
  A gargoyle (D)
  7 unseen horrors (D)
  4 demonic crawlers (D)
  2 kobold demonologists (D)
  A hornet (D)
  A slime creature (D)
  Sigmund (D)
  A yak (D)
  13 hogs (D)
  2 redbacks (D)
  3 floating eyes (D)
  An ogre (D)
  7 necrophages (D)
  8 jellies (D)
  Ijyb (D)
61 creatures vanquished.

Vanquished Creatures (others)
  2 ballistomycete spores (D)
2 creatures vanquished.

Grand Total: 63 creatures vanquished

Notes
Turn   | Place    | Note
-------+----------+-------------------------------------------
     0 | D        | mhtbhm the Meteoran Fighter began the quest for the Orb.
     0 | D        | Reached XP level 1. HP: 19/19 MP: 2/2
     2 | D        | Noticed Ijyb
     6 | D        | Killed Ijyb
     7 | D        | Reached skill level 3 in Maces & Flails
     7 | D        | Reached skill level 5 in Armour
     7 | D        | Reached skill level 5 in Shields
     7 | D        | Reached XP level 2. HP: 28/28 MP: 3/3
     7 | D        | Reached XP level 3. HP: 35/35 MP: 4/4
    50 | D        | Noticed an ogre
    54 | D        | Killed an ogre
    55 | D        | Reached skill level 4 in Maces & Flails
    55 | D        | Reached XP level 4. HP: 43/44 MP: 5/5
    55 | D        | Reached XP level 5. HP: 49/50 MP: 6/6
    58 | D        | Noticed Sigmund
    66 | D        | Killed Sigmund
    67 | D        | Reached skill level 6 in Maces & Flails
    67 | D        | Reached XP level 6. HP: 57/61 MP: 7/7
    72 | D        | Found a shimmering blue altar of Sif Muna.
    73 | D        | Found an ornate altar of the Wu Jian Council.
    74 | D        | Found a radiant altar of Vehumet.
    81 | D        | Found Omemo's Assorted Antiques.
    81 | D        | Found an ancient bone altar of Kikubaaqudgha.
    81 | D        | Found a hazy altar of Hepliaklqana.
    81 | D        | Found a stormy altar of Qazlal.
    81 | D        | Found a hide-covered altar of Uskayaw.
    81 | D        | Found a blossoming altar of Fedhas.
    81 | D        | Found a bloodstained altar of Trog.
    81 | D        | Found an iron altar of Okawaru.
    81 | D        | Found a basalt altar of Yredelemnul.
    81 | D        | Found a glowing golden altar of the Shining One.
    81 | D        | Found a snail-covered altar of Cheibriados.
    81 | D        | Found a sacrificial altar of Ru.
    81 | D        | Found a glowing silver altar of Zin.
    81 | D        | Found a shadowy altar of Dithmenos.
    81 | D        | Found a white marble altar of Elyvilon.
    81 | D        | Noticed a yak
    87 | D        | Found an opulent altar of Gozag.
    88 | D        | Found a sparkling altar of Nemelex Xobeh.
    91 | D        | Became a worshipper of Gozag Ym Sagoz the Greedy
   101 | D        | Killed a yak
   102 | D        | Reached skill level 7 in Maces & Flails
   102 | D        | Reached skill level 10 in Armour
   102 | D        | Reached XP level 7. HP: 52/69 MP: 8/8
   140 | D        | Bought a twisted emerald ring for 130 gold pieces
   223 | D        | Noticed Sonja
   230 | D        | Killed Sonja
   231 | D        | Reached skill level 9 in Maces & Flails
   231 | D        | Reached skill level 10 in Shields
   231 | D        | Reached XP level 8. HP: 33/79 MP: 9/9
   254 | D        | Found Zypsei Ebofa's Weapon Boutique.
   473 | D        | Noticed a deep troll
   497 | D        | Killed a deep troll
   498 | D        | Reached skill level 10 in Fighting
   498 | D        | Reached skill level 11 in Maces & Flails
   498 | D        | Reached skill level 1 in Throwing
   498 | D        | Reached skill level 1 in Dodging
   498 | D        | Reached skill level 1 in Evocations
   498 | D        | Gained mutation: You passively map the area around you.
                  | [Meteoran growth]
   498 | D        | Reached XP level 9. HP: 62/86 MP: 10/10
   524 | D        | Found Apoxuf's Armour Emporium.
   593 | D        | Noticed a centaur warrior
   594 | D        | Noticed a centaur warrior
   608 | D        | Killed a centaur warrior
   609 | D        | Reached skill level 5 in Stealth
   627 | D        | Killed a centaur warrior
   628 | D        | Reached skill level 12 in Maces & Flails
   628 | D        | Reached XP level 10. HP: 17/95 MP: 11/11
   952 | D        | Paralysed by a hornet for 3 turns
   957 | D        | Paralysed by a hornet for 1 turns
  1057 | D        | Found a burning altar of Makhleb.
  1057 | D        | Found a viscous altar of Jiyva.
  1057 | D        | Found a shimmering altar of Xom.
  1057 | D        | Found a corrupted altar of Lugonu.
  1142 | D        | Noticed a kobold demonologist
  1142 | D        | Noticed a kobold demonologist
  1144 | D        | Paralysed by a floating eye for 3 turns
  1148 | D        | Noticed an ice devil
  1158 | D        | Killed a kobold demonologist
  1167 | D        | Killed a kobold demonologist
  1168 | D        | Reached skill level 13 in Maces & Flails
  1168 | D        | Reached skill level 5 in Dodging
  1290 | D        | Noticed an oklob plant
  1398 | D        | Killed an oklob plant
  1838 | D        | Reached skill level 14 in Maces & Flails
  2578 | D        | Killed an unseen horror
  2579 | D        | Reached XP level 11. HP: 63/105 MP: 12/12
  3435 | D        | Found Oropiz's Antique Armour Shoppe.
  3435 | D        | Found Ulacs's Assorted Antiques.
  3435 | D        | Found Ritehius's Distillery.
  3437 | D        | Found Juiphuqu's General Store.
  3437 | D        | Found Wywuum's Armour Shop.
  3437 | D        | Found Citzuph's Weapon Shoppe.
  3437 | D        | Found Gutug's Antique Armour Boutique.
  3437 | D        | Found Botau's Jewellery Emporium.
  3437 | D        | Found Gywkac's Magic Scroll Shop.
  3437 | D        | Found Bapanae's Book Shoppe.
  3440 | D        | Bought a pair of runed gloves for 120 gold pieces
  3446 | D        | Found Nuize's Antique Armour Boutique.
  3447 | D        | Found Hoheesh's General Store.
  3447 | D        | Found Dagigusa's Book Boutique.
  3448 | D        | Found Pagheuta's Assorted Antiques.
  3450 | D        | Bought a glowing cloak for 142 gold pieces
  3454 | D        | Bought a pair of glowing boots for 127 gold pieces
  3472 | D        | Bought a masterwork troll leather armour for 340 gold
                  | pieces
  3472 | D        | Identified the +1 troll leather armour of the Hunter
                  | {+Blink rF+ rC+ Regen+ Dex+4} (You bought it in a shop in
                  | the Dungeon)
  3485 | D        | Bought a scroll of blinking for 75 gold pieces
  3493 | D        | Bought 2 potions of might for 192 gold pieces
  3501 | D        | Bought a +1 morningstar of protection for 177 gold pieces
  3582 | D        | Reached skill level 15 in Maces & Flails
  3609 | D        | Noticed a lindwurm
  3618 | D        | Killed a lindwurm
  3624 | D        | Reached skill level 16 in Maces & Flails
  3641 | D        | Reached skill level 15 in Armour
  3669 | D        | Reached skill level 17 in Maces & Flails
  3669 | D        | Reached XP level 12. HP: 113/118 MP: 13/13
  3741 | D        | Noticed a 12-headed hydra
  3747 | D        | Killed a 12-headed hydra
  3748 | D        | Reached skill level 10 in Dodging
  3783 | D        | Noticed a shadow dragon
  3783 | D        | Noticed a golden dragon
  3805 | D        | HP: 4/110 [golden dragon/bolt of cold (9)]
  4121 | D        | Noticed a daeva
  4161 | D        | Reached skill level 15 in Fighting
  4298 | D        | Reached skill level 18 in Maces & Flails
  4564 | D        | Killed a golden dragon
  4571 | D        | HP: 4/166 [shadow dragon/bolt of negative energy (59)]
  4573 | D        | Slain by a shadow dragon

Illustrated notes

Levels and vault maps discovered:
D:        dungeon_sprint_1 [red_sonja_temple_1, red_sonja_temple_small_1]

Skill      XL: |  1  2  3  4  5  6  7  8  9 10 11 12 |
---------------+-------------------------------------+-----
Fighting       | 4 6 7 8 9 10 11 12 14 15 | 15.9
Maces & Flails | 3 4 6 7 9 11 12 14 17 18 | 18.4
Armour         | 5 7 9 10 12 13 14 15 | 15.0
Shields        | 5 6 8 9 10 11 12 14 | 14.7
Stealth        | 3 4 6 7 |  7.3
Throwing       | 1 3 4 |  4.1
Dodging        | 1 3 6 9 12 | 12.0
Evocations     | 1 2 3 |  3.6

Action                   |  1- 3 |  4- 6 |  7- 9 | 10-12 || total
-------------------------+-------+-------+-------+-------++-------
Melee: Flail             |     6 |    19 |    35 |   193 ||   253
       Morningstar       |       |       |       |   154 ||   154
Throw: Dart              |       |       |     7 |       ||     7
Invok: Potion Petition   |       |       |       |     7 ||     7
       Call Merchant     |       |       |       |     1 ||     1
Evoke: Wand              |       |       |     6 |     2 ||     8
  Use: Potion            |     2 |       |     3 |     4 ||     9
       Scroll            |       |       |       |     1 ||     1
 Stab: Paralysed         |       |       |     9 |       ||     9
       Distracted        |       |       |       |     1 ||     1
Armor: Scale mail        |       |     6 |    29 |   110 ||   145
       Troll leather arm |       |       |       |    63 ||    63
       Skin              |       |       |       |    25 ||    25
Dodge: Dodged            |       |     8 |    16 |   147 ||   171
Block: Buckler           |     1 |     6 |    20 |   129 ||   156

Table legend: (Time is in decaauts)
 A = Elapsed time spent in this place.
 B = Non-inter-level travel time spent in this place.
 C = Inter-level travel time spent in this place.
 D = Time resting spent in this place.
 E = Time spent auto-exploring this place.
 F = Levels seen in this place.
 G = Mean time per level.
                   A        B        C        D        E       F      G
               +--------+--------+--------+--------+--------+-----+--------+
         Total |   4445 |   4445 |      0 |   3045 |      0 |   1 | 4445.0 |
       Dungeon |   4445 |   4445 |      0 |   3045 |      0 |   1 | 4445.0 |
               +--------+--------+--------+--------+--------+-----+--------+

Top non-repeatable levels by time:
       D: 4445 daAuts
